 Dungeon Crawl Stone Soup version 0.27-a0-577-ge2a43ba0c9 (webtiles) character file.

Game seed: 4755307921053271862

95 jestyr24 the Skirmisher (level 4, -1/35 HPs)
             Began as a Demonspawn Fighter on Mar 9, 2021.
             Slain by a shadow imp (4 damage)
             ... summoned by Natasha
             ... on level 2 of the Dungeon.
             The game lasted 00:06:39 (1879 turns).

jestyr24 the Skirmisher (Demonspawn Fighter)        Turns: 1879, Time: 00:06:41

Health: -1/35      AC: 10    Str: 17    XL:     4   Next: 40%
Magic:  4/4        EV:  7    Int:  9    God:
Gold:   130        SH: 13    Dex: 13    Spells: 3/3 levels left

rFire    . . .     SeeInvis .   a - +0 long sword
rCold    . . .     Faith    .   c - +0 kite shield
rNeg     . . .     Spirit   .   b - +0 scale mail
rPois    .         Reflect  .   (no helmet)
rElec    .         Harm     .   (no cloak)
rCorr    .         Rampage  .   (no gloves)
Will     .....                  (no boots)
Stlth    ..........             (no amulet)
HPRegen  0.11/turn              (no ring)
MPRegen  0.09/turn              (no ring)

@: no status effects
A: icemail 1, condensation shield
a: no special abilities


You were on level 2 of the Dungeon.
You visited 1 branch of the dungeon, and saw 2 of its levels.

You collected 130 gold pieces.

Inventory:

Hand Weapons
 a - a +0 long sword (weapon)
Armour
 b - a +0 scale mail (worn)
 c - a +0 kite shield (worn)
Scrolls
 e - 3 scrolls of identify {unknown}
 g - a scroll of fog {unknown}
 h - a scroll of random uselessness {unknown}
 i - a scroll of amnesia {unknown}
 j - a scroll of enchant armour {unknown}
 k - 2 scrolls of teleportation {unknown}
 l - a scroll of enchant weapon {unknown}
 n - a scroll of fear {unknown}
Potions
 d - a potion of might
 f - a potion of attraction {unknown}
 m - a potion of heal wounds {unknown}
 o - a potion of mutation {unknown}


   Skills:
 + Level 3.5 Fighting
 - Level 1.7 Long Blades
 + Level 3.4 Armour
 + Level 1.1 Dodging
 + Level 3.5 Shields


You had 3 spell levels left.
You didn't know any spells.
Your spell library was empty.

Dungeon Overview and Level Annotations

Branches:
Dungeon (2/15)

Altars:
Fedhas
Qazlal
The Shining One

Annotations:
D:2 Natasha


Innate Abilities, Weirdness & Mutations

A meltable icy envelope protects you from harm. (AC +4)
A meltable shield of frost defends you. (SH +4)


Message History

o - a fuming amethyst potion Natasha, Servant of Life and Death comes into view.
She is carrying a wand of polymorph (9).
Natasha casts a spell at you. You resist with some effort.
Natasha casts a spell at you. The magic dart hits you. Natasha claws you.
You slash Natasha!
Natasha is heavily wounded.
Natasha closely misses you.
You riposte.
You hit Natasha.
Natasha is heavily wounded.
You closely miss Natasha.
Natasha is heavily wounded.
Natasha claws you but does no damage. Natasha claws you!
You closely miss Natasha.
Natasha is heavily wounded.
You block Natasha's attack.
You closely miss Natasha.
Natasha is heavily wounded.
Natasha extends her claws.
Natasha mumbles some strange words.
Natasha zaps a wand.
You resist with some effort.
You miss Natasha.
Natasha is heavily wounded.
You block Natasha's attack. The shadow imp gestures at you.
Pain shoots through your body!
* * * LOW HITPOINT WARNING * * *
You hit Natasha but do no damage.
Natasha is heavily wounded.
You block Natasha's attack. Natasha casts a spell at you.
The magic dart hits you but does no damage.
You slash Natasha!
Natasha is almost dead.
Natasha stares at you and mumbles some strange words.
The magic dart hits you.
* * * LOW HITPOINT WARNING * * *
The shadow imp hits you.
You die...

#.......# #...........
#.......### #...........
#....(....# #...........
#######...# #...#.......
#...# #...######..
#...###...#######.
#................>
+h5...............
######@..###...########
#......................
#.#.##.#################.
#..............# #.
#...##.#######.# #. #..
#.# #.# #. #. #.# #.# #.
# #.# #.# #. #.#
#.##########


You could see Natasha and a shadow imp (summoned).

Vanquished Creatures
  Natasha (twice) (D:2)
  An adder (D:2)
  2 worms (D:2)
  A dart slug (D:1)
  A ball python (D:1)
  4 bats (D:1)
  3 giant cockroaches (D:1)
  3 goblins
  5 hobgoblins
  2 jackals (D:1)
  2 kobolds
  2 frilled lizards (D:1)
  4 rats (D:1)
32 creatures vanquished.

Notes
Turn   | Place    | Note
-------+----------+-------------------------------------------
     0 | D:1      | jestyr24 the Demonspawn Fighter began the quest for the
                  | Orb.
     0 | D:1      | Reached XP level 1. HP: 18/18 MP: 1/1
   240 | D:1      | Gained mutation: A meltable shield of frost defends you.
                  | (SH +4) [demonic ancestry]
   240 | D:1      | Reached XP level 2. HP: 20/24 MP: 2/2
  1010 | D:2      | Reached XP level 3. HP: 28/29 MP: 3/3
  1641 | D:2      | Noticed Natasha
  1645 | D:2      | Killed Natasha
  1646 | D:2      | Reached skill level 1 in Dodging
  1646 | D:2      | Gained mutation: A meltable icy envelope protects you from
                  | harm. (AC +4) [demonic ancestry]
  1646 | D:2      | Reached XP level 4. HP: 35/35 MP: 4/4
  1712 | D:2      | Noticed Natasha
  1718 | D:2      | Killed Natasha
  1749 | D:2      | Found a blossoming altar of Fedhas.
  1752 | D:2      | Found a stormy altar of Qazlal.
  1869 | D:2      | Noticed Natasha
  1879 | D:2      | Slain by a shadow imp

Illustrated notes

Levels and vault maps discovered:
D:1:      dpeg_arrival_pits, layout_basic
D:2:      layout_basic, grunt_temple_overflow_diamond, uniq_natasha

Skill      XL: |  1  2  3 |
---------------+----------+-----
Armour         | 3 |  3.4
Shields        | 3 |  3.5
Dodging        | 1 |  1.1
Fighting       | |  3.5
Long Blades    | |  1.7

Action                   |  1- 3 |  4- 6 || total
-------------------------+-------+-------++-------
Melee: Long sword        |   104 |    11 ||   115
Armor: Scale mail        |    59 |     2 ||    61
Dodge: Dodged            |    31 |     1 ||    32
Block: Kite shield       |    75 |     7 ||    82
       Rpst.: Long sword |     8 |     1 ||     9

Table legend: (Time is in decaauts)
 A = Elapsed time spent in this place.
 B = Non-inter-level travel time spent in this place.
 C = Inter-level travel time spent in this place.
 D = Time resting spent in this place.
 E = Time spent auto-exploring this place.
 F = Levels seen in this place.
 G = Mean time per level.
                   A        B        C        D        E       F      G
               +--------+--------+--------+--------+--------+-----+--------+
         Total |   1941 |   1941 |      0 |    247 |   1175 |   2 |  970.5 |
       Dungeon |   1941 |   1941 |      0 |    247 |   1175 |   2 |  970.5 |
               +--------+--------+--------+--------+--------+-----+--------+

Top non-repeatable levels by time:
     D:2: 987 daAuts
     D:1: 953 daAuts
